 Dungeon Crawl Stone Soup version 0.29-a0-845-g6161e89988 (webtiles) character file.

Game seed: 4458710414697368932

198 porpoise the Poker (level 5, -5/43 HPs)
             Began as a Barachi Warper on July 16, 2022.
             Slain by an iguana (9 damage)
             ... on level 3 of the Dungeon.
             The game lasted 00:11:29 (4205 turns).

porpoise the Poker (Barachi Warper)                 Turns: 4205, Time: 00:11:29

Health: -5/43      AC:  5    Str: 13 (15) XL:     5   Next: 76%
Magic:  8/8        EV: 11    Int: 11 (13) God:
Gold:   186        SH:  0    Dex: 15 (17) Spells: 3/8 levels left

rFire   + . .      SeeInvis .   a - +0 spear
rCold   + . .      Faith    .   (no shield)
rNeg    . . .      Spirit   .   q - +0 ring mail
rPois   +          Reflect  .   (no helmet)
rElec   +          Harm     .   (no cloak)
rCorr   +          Rampage  .   (no gloves)
Will    .....                   (no boots)
Stlth   +.........              (no amulet)
HPRegen 0.14/turn               k - +6 ring of dexterity
MPRegen 0.11/turn               i - ring of poison resistance

@: resistant, slow
A: amphibious, slowness 1, strong legs 1, +LOS
a: Hop


You were on level 3 of the Dungeon.
You visited 1 branch of the dungeon, and saw 3 of its levels.

You collected 186 gold pieces.

Inventory:

Hand Weapons
 a - a +0 spear (weapon)
Missiles
 e - 3 poisoned darts (quivered)
 t - a throwing net
Armour
 b - a +0 leather armour
 q - a +0 ring mail (worn)
Jewellery
 i - a ring of poison resistance (right hand)
 k - a +6 ring of dexterity (left hand)
 n - a +6 ring of dexterity
Scrolls
 f - 3 scrolls of enchant armour
Potions
 j - a potion of resistance


   Skills:
 + Level 4.4 Fighting
 * Level 4.9 Polearms
 - Level 1.0 Throwing
 - Level 1.2 Armour
 - Level 2.1 Dodging
 - Level 2.1 Spellcasting
 - Level 3.2 Translocations


You had 3 spell levels left.
You knew the following spells:

 Your Spells              Type           Power      Damage    Failure   Level
b - Lesser Beckoning      Tloc           8%         N/A       43%         3
k - Blink                 Tloc           16%        N/A       24%         2

Your spell library contained the following spells:

 Spells                   Type           Power      Damage    Failure   Level
 Gell's Gravitas          Tloc           8%         N/A       43%         3
 Teleport Other           Tloc           8%         N/A       43%         3
 Manifold Assault         Tloc           8%         N/A       99%         5


Dungeon Overview and Level Annotations

Branches:
Dungeon (3/15)

Altars:


Innate Abilities, Weirdness & Mutations

You are amphibious.
You cover ground slowly.
You can hop short distances.
You have an extended range of vision and can be seen from far away.


Message History

The quokka barely misses you.
You hit the iguana but do no damage.
The iguana is moderately wounded.
The quokka misses you. The iguana closely misses you.
As you read the scroll labelled YKHLEU SITUXKATARPH, it crumbles to dust.
You hear a loud clanging noise!
It was a scroll of noise.
You hear an angry hiss.
The quokka bites you but does no damage.
The iguana barely misses you. The quokka closely misses you.
As you read the scroll labelled WEHIR JUFOXI, it crumbles to dust.
You feel strangely unstable.
It was a scroll of teleportation.
The iguana barely misses you. The quokka bites you.
* * * LOW HITPOINT WARNING * * *
A ball python comes into view.
As you read the scroll labelled USKICI UBAE, it crumbles to dust.
You feel aware of your surroundings.
It was a scroll of magic mapping.
The iguana bites you but does no damage.
The quokka misses you.
As you read the scroll labelled NEIGUPPAXTO, it crumbles to dust.
The creatures around you are filled with an inner flame!
It was a scroll of immolation.
Your surroundings suddenly seem different.
You see here a +0 club.
The iguana hisses angrily.
As you read the scroll labelled DAQAIGUSTRO, it crumbles to dust.
It is a scroll of identify.
f - 3 scrolls of enchant armour
As you read the scroll labelled HUOVAY KAGA, it crumbles to dust.
The scroll dissolves into smoke.
It was a scroll of fog.
The iguana closely misses you.
You see here a +0 club.
You closely miss the iguana.
The iguana is moderately wounded.
The iguana closely misses you.
You hit the iguana but do no damage.
The iguana is moderately wounded.
You are ready to hop once more.
The iguana bites you!
You die...

#.......................##
#.......#.##.............#
##....#....#...........#.#
##....##.#....######...#.#
#.....##.#.....#####.#.#.# ##
##.....#§§§§.....##...#.... .#
####..###§#§§§...#.....#####..
.###...÷)#.§§§§§§#.#.............
...........§§§§l@#...............
....#....<.###§#.................
...##.....## #§##........).......
...##....#####.###...............
....#....##.....##...............
#.#.(....##.....#................
#..#.............................
##.......##.......#..............
#....l..##.......##......#......


You could see an iguana (inner flame).

Vanquished Creatures
  A phantom (D:2)
  A gnoll (D:1)
  6 adders
  2 dart slugs
  An orc (D:3)
  6 bats
  2 endoplasms
  2 giant cockroaches (D:3)
  4 goblins
  5 hobgoblins
  3 jackals (D:1)
  7 quokkas
  A ball python (D:1)
  A frilled lizard (D:2)
  4 kobolds
  3 rats (D:2)
49 creatures vanquished.

Notes
Turn   | Place    | Note
-------+----------+-------------------------------------------
     0 | D:1      | porpoise the Barachi Warper began the quest for the Orb.
     0 | D:1      | Reached XP level 1. HP: 17/17 MP: 3/3
   224 | D:1      | Reached XP level 2. HP: 9/23 MP: 5/5
   421 | D:1      | Learned a level 2 spell: Blink
   729 | D:1      | Reached XP level 3. HP: 20/29 MP: 6/6
   875 | D:1      | Found a faded altar of an unknown god.
  2113 | D:2      | Reached XP level 4. HP: 35/35 MP: 7/7
  2177 | D:2      | Learned a level 3 spell: Lesser Beckoning
  2855 | D:3      | Noticed an ice beast
  3132 | D:3      | Noticed a phantom
  3174 | D:2      | Killed a phantom
  3175 | D:2      | Reached XP level 5. HP: 3/42 MP: 8/8
  4189 | D:3      | HP: 2/43 [quokka (3)]
  4205 | D:3      | Slain by an iguana

Illustrated notes

Levels and vault maps discovered:
D:1:      dpeg_arrival_signposts, layout_basic, ebering_ecumenical_altar_hall,
          minmay_misc_feat_rows, amcnicky_mini_pool_small,
          hangedman_abyss_or_decor_lesser_grid
D:2:      layout_loops_ring, minmay_misc_feat_nine_boxes
D:3:      layout_rooms

Skill      XL: |  1  2  3  4 |
---------------+-------------+-----
Fighting       | 3 4 |  4.4
Polearms       | 3 4 |  4.9
Throwing       | |  1.0
Armour         | |  1.2
Dodging        | |  2.1
Spellcasting   | |  2.1
Translocations | |  3.2

Action                   |  1- 3 |  4- 6 || total
-------------------------+-------+-------++-------
Melee: Spear             |   132 |   192 ||   324
       Punch             |     2 |     2 ||     4
Throw: Boomerang         |       |     7 ||     7
 Abil: Hop               |       |     2 ||     2
  Use: Scroll            |       |     7 ||     7
       Potion            |       |     5 ||     5
 Stab: Sleeping          |       |     2 ||     2
Armor: Leather armour    |    26 |    13 ||    39
       Ring mail         |       |    44 ||    44
Dodge: Dodged            |    68 |   103 ||   171

Table legend: (Time is in decaauts)
 A = Elapsed time spent in this place.
 B = Non-inter-level travel time spent in this place.
 C = Inter-level travel time spent in this place.
 D = Time resting spent in this place.
 E = Time spent auto-exploring this place.
 F = Levels seen in this place.
 G = Mean time per level.
                   A        B        C        D        E       F      G
               +--------+--------+--------+--------+--------+-----+--------+
         Total |   4541 |   4353 |    188 |   1825 |   1871 |   3 | 1513.7 |
       Dungeon |   4541 |   4353 |    188 |   1825 |   1871 |   3 | 1513.7 |
               +--------+--------+--------+--------+--------+-----+--------+

Top non-repeatable levels by time:
     D:1: 2085 daAuts
     D:2: 1684 daAuts
     D:3: 771 daAuts
